 Dungeon Crawl Stone Soup version 0.30-a0-341-g682706514a (webtiles) character file.

Game seed: 4480379640830244234

31 PimpSugar the Magician (level 3, -3/25 HPs)
             Began as a Demonspawn Hedge Wizard on Nov 1, 2022.
             Slain by Sigmund
             ... wielding a +0 scythe
              (6 damage)
             ... on level 2 of the Dungeon.
             The game lasted 00:05:54 (1425 turns).

PimpSugar the Magician (Demonspawn Hedge Wizard)    Turns: 1425, Time: 00:05:57

Health: -3/25      AC:  5    Str: 10    XL:     3   Next: 7%
Magic:  1/7        EV: 12    Int: 17    God:
Gold:   58         SH:  0    Dex: 12    Spells: 5/8 levels left

rFire   + . .      SeeInvis .    a - +1 dagger
rCold   + . .      Faith    .    (no shield)
rNeg    . . .      Spirit   .    b - +0 robe
rPois   +          Reflect  .    c - +0 hat
rElec   +          Harm     .    (no cloak)
rCorr   +          Rampage  .    (no gloves)
Will    .....                    k - +0 pair of boots
Stlth   ++........               (no amulet)
HPRegen 0.24/turn                (no ring)
MPRegen 0.10/turn                (no ring)

@: brilliant, resistant, very slightly contaminated
A: slimy green scales 1, powered by death 1
a: no special abilities


You were on level 2 of the Dungeon.
You visited 1 branch of the dungeon, and saw 2 of its levels.

You collected 58 gold pieces.

Inventory:

Hand Weapons
 a - a +1 dagger (weapon)
Missiles
 i - 10 stones
Armour
 b - a +0 robe (worn)
 c - a +0 hat (worn)
 k - a +0 pair of boots (worn)
Scrolls
 p - a scroll of brand weapon {unknown}
Potions
 e - 3 potions of mutation
 m - a potion of might {unknown}


   Skills:
 + Level 0.5 Fighting
 + Level 1.9 Dodging
 + Level 2.0 Stealth
 * Level 3.2 Spellcasting
 * Level 1.6 Conjurations
 * Level 1.4 Summonings
 + Level 1.2 Translocations


You had 5 spell levels left.
You knew the following spells:

 Your Spells              Type           Power      Damage    Failure   Level
a - Magic Dart            Conj           48%        1d5       9%          1
b - Call Imp              Summ           11%        N/A       14%         2

Your spell library contained the following spells:

 Spells                   Type           Power      Damage    Failure   Level
 Blink                    Tloc           20%        N/A       16%         2
 Slow                     Hex            16%        N/A       17%         1
 Cigotuvi's Dreadful Rot  Necr/Pois/Air  8%         N/A       26%         2
 Mephitic Cloud           Conj/Pois/Air  6%         N/A       38%         3
 Summon Forest            Summ/Tloc      5%         N/A       95%         5
 Eringya's Noxious Bog    Tmut/Pois      2%         N/A       100%        6
 Summon Hydra             Summ           5%         N/A       100%        7


Dungeon Overview and Level Annotations

Branches:
Dungeon (2/15)

Altars:

Annotations:
D:2 Sigmund


Innate Abilities, Weirdness & Mutations

You are partially covered in slimy green scales. (AC +2)
You regenerate a little health from kills.


Message History

You hear some strange, mumbled words.
Your white imp appears confused.
Your white imp hits you but does no damage.
Your white imp disappears in a puff of smoke!
Something hits you. Something hits you.
Casting: Call Imp (safe; 14% risk of failure)
Confirm with . or Enter, or press ? or * to list all spells.
You miscast Call Imp.
You are very lightly contaminated with residual magic.
Nothing appears to happen.
Something hits you.
* * * LOW HITPOINT WARNING * * *
Something hits you.
* * * LOW HITPOINT WARNING * * *
It was a potion of resistance.
You feel protected.
As you read the scroll labelled FAATEARR ENAMPU, it crumbles to dust.
You feel aware of your surroundings.
You sensed 1 shop/portal.
It was a scroll of magic mapping.
Something hits you but does no damage.
As you read the scroll labelled ZILIOT TAOGOF, it crumbles to dust.
It is a scroll of enchant weapon.
Your +0 dagger glows red for a moment.
Sigmund appears from thin air!
Reactivating autopickup.
Sigmund hits you from afar with a +0 scythe.
* * * LOW HITPOINT WARNING * * *
As you read the scroll labelled NANUTR OBISA, it crumbles to dust.
You cannot blink because you are held in place by your roots.
It was a scroll of blinking.
You cannot move.
You cannot move.
You cannot move.
You cannot move.
It was a potion of brilliance.
You feel clever all of a sudden.
You feel less wooden.
Your +0 hat unmelds from your body.
Your +0 pair of boots unmelds from your body.
Your +0 robe unmelds from your body.
Sigmund hits you from afar with a +0 scythe.
You die...

>.,,,,,,,,,,,,,,,++.........+,,,,
.#*********,,,,,,*#.........#****
.# *,,,,,,*#...!..$..# * .#
********#.........# .###
###....)....# ...# #...........#
.#.### ##@########### .#...##
##..# .###..# #.@## ********* .#
##.###### #.## *,,,,,,,,
.####......####'#### *,,,,,,,,
...........#.......# *,,,,,,,,
...........#.⌠...⌠.# *,,,,,,,,
...........#.......#*****,,,,,,,,
...........'...⌠...+,,,,*,,,,,,,,
......#..###.......#***,,,,,,,,<,
......##.†,#.⌠...⌠.# ***,,,,,,,,


You could see Sigmund.

Vanquished Creatures
  A worm (D:2)
  2 dart slugs (D:1)
  2 ball pythons (D:1)
  3 bats
  3 endoplasms
  A giant cockroach (D:1)
  A goblin (D:1)
  4 hobgoblins (D:1)
  A quokka (D:1)
  2 frilled lizards
20 creatures vanquished.

Vanquished Creatures (collateral kills)
  An endoplasm (D:1)
1 creature vanquished.

Grand Total: 21 creatures vanquished

Notes
Turn   | Place    | Note
-------+----------+-------------------------------------------
     0 | D:1      | PimpSugar the Demonspawn Hedge Wizard began the quest for
                  | the Orb.
     0 | D:1      | Reached XP level 1. HP: 13/13 MP: 4/4
    47 | D:1      | You fall into a shaft and drop 1 floor!
   225 | D:1      | Reached skill level 1 in Translocations
   301 | D:1      | Gained mutation: You are partially covered in slimy green
                  | scales. (AC +2) [demonic ancestry]
   301 | D:1      | Reached XP level 2. HP: 16/19 MP: 3/6
   347 | D:1      | Learned a level 2 spell: Call Imp
  1209 | D:2      | Gained mutation: You regenerate a little health from kills.
                  | [demonic ancestry]
  1209 | D:2      | Reached XP level 3. HP: 18/25 MP: 2/7
  1352 | D:2      | Noticed Sigmund
  1425 | D:2      | Slain by Sigmund

Illustrated notes

Levels and vault maps discovered:
D:1:      scummos_arrival_gate, layout_loops_ring, serial_forest,
          infiniplex_forest_zigzag_2, infiniplex_forest_end_1,
          infiniplex_forest_corner_1, infiniplex_forest_end_1
D:2:      layout_basic, serial_shops, shop_fountains, minmay_fountain_box,
          minmay_fractal_squares_gapless_5, uniq_sigmund

Skill      XL: |  1  2 |
---------------+-------+-----
Translocations | 1 |  1.2
Stealth        | 2 |  2.0
Fighting       | |  0.5
Dodging        | |  1.9
Spellcasting   | |  3.2
Conjurations   | |  1.6
Summonings     | |  1.4

Action                   || total
-------------------------++-------
Melee: Dagger            ||    39
       Punch             ||     2
Throw: Stone             ||     3
 Cast: Magic Dart        ||    43
       Call Imp          ||     7
  Use: Scroll            ||     4
       Potion            ||     5
 Stab: Distracted        ||     1
       Sleeping          ||     1
Armor: Robe              ||     5
       Skin              ||    17
Dodge: Dodged            ||    33

Table legend: (Time is in decaauts)
 A = Elapsed time spent in this place.
 B = Non-inter-level travel time spent in this place.
 C = Inter-level travel time spent in this place.
 D = Time resting spent in this place.
 E = Time spent auto-exploring this place.
 F = Levels seen in this place.
 G = Mean time per level.
                   A        B        C        D        E       F      G
               +--------+--------+--------+--------+--------+-----+--------+
         Total |   1424 |   1349 |     75 |     48 |   1020 |   2 |  712.0 |
       Dungeon |   1424 |   1349 |     75 |     48 |   1020 |   2 |  712.0 |
               +--------+--------+--------+--------+--------+-----+--------+

Top non-repeatable levels by time:
     D:1: 1096 daAuts
     D:2: 327 daAuts
